 Dungeon Crawl Stone Soup version 0.30-a0-476-g330ca2eb8e (webtiles) character file.

Game seed: 6416349957289567801

2544 IdlyInterested the Slicer (level 9, -2/61 HPs)
             Began as a Demonspawn Gladiator on Dec 20, 2022.
             Slain by an iguana (9 damage)
             ... on level 7 of the Dungeon on Dec 21, 2022.
             The game lasted 00:23:23 (6015 turns).

IdlyInterested the Slicer (Demonspawn Gladiator)    Turns: 6015, Time: 00:23:23

Health: -2/61      AC:  6    Str: 14    XL:     9   Next: 30%
Magic:  13/13      EV: 32    Int: 13    God:
Gold:   441        SH:  0    Dex: 20    Spells: 11/14 levels left

rFire   . . .      SeeInvis .    w - +2 short sword (speed)
rCold   + . .      Faith    .    (no shield)
rNeg    . . .      Spirit   .    E - +2 robe {rC+}
rPois   .          Reflect  .    (helmet restricted)
rElec   .          Harm     .    (no cloak)
rCorr   .          Rampage  .    j - +0 pair of gloves
Will    +....                    p - +0 pair of boots
Stlth   +++++.....               b - amulet of the acrobat
HPRegen 0.30/turn                s - +4 ring of evasion
MPRegen 0.13/turn                o - ring of willpower

@: acrobatic, studying Air Magic
A: horns 2, thin skeletal structure 2, demonic magic 1
a: no special abilities


You were on level 7 of the Dungeon.
You visited 1 branch of the dungeon, and saw 7 of its levels.

You collected 489 gold pieces.
You spent 48 gold pieces at shops.

Inventory:

Hand Weapons
 c - a +0 dagger of venom
 f - a +0 vorpal dagger
 r - a +2 dagger of draining
 w - a +2 short sword of speed (weapon)
Missiles
 a - 5 silver boomerangs
 d - 3 throwing nets
 h - 41 stones (quivered)
 D - a javelin
Armour
 j - a +0 pair of gloves (worn)
 p - a +0 pair of boots (worn)
 q - a +0 pair of gloves
 E - a +2 robe of cold resistance (worn)
Jewellery
 b - an amulet of the acrobat (around neck)
 o - a ring of willpower (right hand)
 s - a +4 ring of evasion (left hand)
 A - the Hermit's Pendant {Faith Invo=14 Evo=0 MP+5}
   (You found it on level 5 of the Dungeon)

   [amulet of faith]

   It sets your invocations skill to 14 and your evocations skill to 0.
   It allows you to gain divine favour quickly.
   MP:        It affects your magic capacity (+5).
Wands
 v - a wand of flame (21)
 B - a wand of polymorph (2)
Scrolls
 g - a scroll of magic mapping {unknown}
 i - a scroll of teleportation
 x - 2 scrolls of blinking
 C - a scroll of vulnerability
Potions
 e - a potion of attraction {unknown}
 k - a potion of mutation {unknown}
 l - 2 potions of cancellation
 m - 3 potions of curing
 n - a potion of resistance
 u - a potion of flight
 z - 2 potions of lignification


   Skills:
 - Level 2.0 Fighting
 + Level 9.5(9.7) Short Blades
 - Level 3.1(6.8) Long Blades
 - Level 2.0 Throwing
 - Level 1.0 Armour
 - Level 2.6 Dodging
 - Level 3.0 Stealth
 - Level 3.0 Spellcasting
 - Level 3.0 Conjurations
 * Level 2.5 Air Magic
 - Level 2.0 Poison Magic
 - Level 1.0 Evocations


You had 11 spell levels left.
You knew the following spells:

 Your Spells              Type           Power      Damage    Failure   Level
a - Mephitic Cloud        Conj/Pois/Air  8%         N/A       24%         3

Your spell library contained the following spells:

 Spells                   Type           Power      Damage    Failure   Level
 Foxfire                  Conj/Fire      20%        2x1d5     12%         1
 Poisonous Vapours        Pois/Air       14%        N/A       14%         2
 Cigotuvi's Dreadful Rot  Necr/Pois/Air  10%        N/A       19%         2
 Apportation              Tloc           2%         N/A       22%         1
 Necrotise                Necr           4%         1d4       22%         1
 Summon Small Mammal      Summ           4%         N/A       22%         1
 Swiftness                Air            8%         N/A       24%         3
 Ensorcelled Hibernation  Hex/Ice        2%         N/A       34%         2
 Passwall                 Tmut/Erth      0%         N/A       34%         2
 Call Canine Familiar     Summ           1%         N/A       56%         3
 Gell's Gravitas          Tloc           1%         N/A       56%         3
 Summon Guardian Golem    Hex/Summ       1%         N/A       56%         3
 Teleport Other           Tloc           1%         N/A       56%         3
 Tukima's Dance           Hex            1%         N/A       56%         3
 Passage of Golubria      Tloc           1%         N/A       92%         4
 Fireball                 Conj/Fire      2%         3d4       98%         5
 Yara's Violent Unravell  Hex/Tmut       0%         3d3       99%         5
 Dispersal                Tloc           0%         N/A       100%        6
 Starburst                Conj/Fire      2%         6d3       100%        6


Dungeon Overview and Level Annotations

Branches:
Dungeon (7/15)
 Temple: D:4-7

Altars:

Shops:
D:6 (   D:7 !


Innate Abilities, Weirdness & Mutations

You have a pair of horns on your head.
You have a moderately thin skeletal structure. (Dex +4, Stealth++)
Spells you cast may paralyse adjacent enemies.


Message History

* * * LOW HITPOINT WARNING * * *
You're too confused to move!
The orc wizard hits you but does no damage.
The orc hits you but does no damage.
The orc priest looks encouraged for a moment.
You bump into the rock wall.
The orc wizard mumbles some strange words.
The orc wizard flickers and vanishes!
Deactivating autopickup; reactivate with Ctrl-A.
The orc misses you. The orc priest hits you with a +0 club.
You hit the orc priest but do no damage.
You're too confused to move!
Something barely misses you. The orc hits you with a +0 short sword.
The orc priest invokes the aid of Beogh against you.
Beogh smites you!
* * * LOW HITPOINT WARNING * * *
You bump into the rock wall.
Something hits you.
* * * LOW HITPOINT WARNING * * *
The orc misses you. The orc priest misses you.
You bump into the rock wall.
You feel less invigorated.
You feel less confused.
You hear some strange, mumbled words.
A puff of flame appears from out of thin air!
The puff of flame hits you!
* * * LOW HITPOINT WARNING * * *
The orc hits you with a +0 short sword.
* * * LOW HITPOINT WARNING * * *
The orc priest barely misses you.
Aiming: Polymorph
Press: ? - help, Shift-Dir - straight line, f - orc priest
Aim: an orc priest, wielding a +0 club and wearing a +0 scale mail (will become a wolf, a hound, or an iguana, chance to affect: 50%)
The orc priest evaporates and reforms as an iguana!
Something barely misses you. The orc closely misses you. The iguana bites you.
* * * LOW HITPOINT WARNING * * *
You open the door. Something hits you but does no damage.
The orc closely misses you. The iguana closely misses you.
The iguana completely misses you.
There is an open door here.
The iguana attacks as you move away! The iguana bites you!
You die...

################## #
#.............##.####
#........#...........
#..>.....#...........
+......##............
#......##..##........
#..........####..####
########.....∩...#..# #)
.......@{o.##.........#.
.......#l..##..###....+.
.......#.......### ...#.
####+###.........# #..
.....######+## #+#
.....# .....# ....#


You could see an iguana and an orc.

Vanquished Creatures
  Pikel (D:6)
  Prince Ribbit (D:6)
  A steam dragon (D:7)
  Menkaure (D:4)
  2 ice beasts (D:6)
  A centaur (D:5)
  2 lemures (D:6)
  A phantom (D:6)
  Blork the orc (D:6)
  3 bullfrogs
  2 necrophages (D:6)
  A scorpion (D:5)
  4 wights (D:6)
  A howler monkey (D:5)
  A crimson imp (D:3)
  2 hounds
  3 orc priests (D:3)
  2 jellies
  Ijyb (D:3)
  2 iguanas
  Natasha (thrice) (D:4)
  3 orc wizards
  6 adders
  2 ufetubi
  2 dart slugs (D:1)
  14 orcs
  4 ball pythons (D:1)
  10 endoplasms
  3 giant cockroaches
  5 goblins
  10 hobgoblins
  8 kobolds
  4 quokkas
  6 bats
  2 frilled lizards
  2 goblin skeletons (D:3)
  2 goblin zombies (D:3)
  3 kobold skeletons (D:3)
  An orc zombie (D:3)
  6 rats
129 creatures vanquished.

Notes
Turn   | Place    | Note
-------+----------+-------------------------------------------
     0 | D:1      | IdlyInterested the Demonspawn Gladiator began the quest for
                  | the Orb.
     0 | D:1      | Reached XP level 1. HP: 16/16 MP: 1/1
   123 | D:1      | Gained mutation: Spells you cast may paralyse adjacent
                  | enemies. [demonic ancestry]
   123 | D:1      | Reached XP level 2. HP: 21/22 MP: 2/2
   123 | D:1      | Found a faded altar of an unknown god.
   212 | D:1      | Reached skill level 1 in Stealth
   390 | D:1      | Reached skill level 1 in Armour
   431 | D:1      | Gained mutation: You have a pair of small horns on your
                  | head. [demonic ancestry]
   431 | D:1      | Reached XP level 3. HP: 23/27 MP: 3/3
   552 | D:1      | Reached skill level 1 in Evocations
  1012 | D:2      | Identified a scroll of acquirement
  1012 | D:2      | Acquired a manual of Air Magic
  1018 | D:2      | Learned a level 3 spell: Mephitic Cloud
  1278 | D:2      | Reached skill level 1 in Spellcasting
  1291 | D:2      | Reached skill level 1 in Short Blades
  1291 | D:2      | Gained mutation: You have a pair of horns on your head.
                  | [demonic ancestry]
  1291 | D:2      | Reached XP level 4. HP: 33/33 MP: 4/6
  1428 | D:3      | You fall into a shaft and drop 1 floor!
  1870 | D:3      | Reached skill level 2 in Short Blades
  1872 | D:3      | Reached XP level 5. HP: 32/38 MP: 8/8
  1881 | D:3      | Reached skill level 3 in Short Blades
  2153 | D:3      | Noticed Ijyb
  2165 | D:3      | Killed Ijyb
  2166 | D:3      | Reached skill level 1 in Air Magic
  2166 | D:3      | Gained mutation: You have a somewhat thin skeletal
                  | structure. (Dex +2, Stealth+) [demonic ancestry]
  2166 | D:3      | Reached XP level 6. HP: 37/44 MP: 9/9
  2166 | D:3      | Upgraded the game from 0.30-a0-475-g03497ec522 to
                  | 0.30-a0-476-g330ca2eb8e
  2504 | D:4      | Noticed Natasha
  2511 | D:4      | Killed Natasha
  2774 | D:4      | Noticed Natasha
  2785 | D:4      | Killed Natasha
  3126 | D:4      | Noticed Menkaure
  3137 | D:4      | Killed Menkaure
  3138 | D:4      | Reached skill level 4 in Short Blades
  3138 | D:4      | Reached skill level 1 in Conjurations
  3459 | D:4      | Noticed Natasha
  3469 | D:4      | Killed Natasha
  3559 | D:5      | Entered Level 5 of the Dungeon
  3620 | D:5      | Reached XP level 7. HP: 44/50 MP: 10/10
  3769 | D:5      | Reached skill level 5 in Short Blades
  3867 | D:5      | Reached skill level 1 in Poison Magic
  4365 | D:5      | Found a faded altar of an unknown god.
  4365 | D:5      | Found the Hermit's Pendant {Faith Invo=14 Evo=0 MP+5}
  4443 | D:6      | Reached skill level 6 in Short Blades
  4454 | D:6      | Gained mutation: You have a moderately thin skeletal
                  | structure. (Dex +4, Stealth++) [demonic ancestry]
  4454 | D:6      | Reached XP level 8. HP: 24/56 MP: 11/11
  4800 | D:6      | Reached skill level 7 in Short Blades
  4903 | D:6      | Noticed Prince Ribbit
  4908 | D:6      | Killed Prince Ribbit
  5012 | D:6      | Reached skill level 8 in Short Blades
  5247 | D:6      | Found Fiococ's Antique Weapon Boutique.
  5371 | D:6      | Noticed Pikel
  5419 | D:6      | Killed Pikel
  5420 | D:6      | Reached skill level 9 in Short Blades
  5420 | D:6      | Reached XP level 9. HP: 52/61 MP: 13/13
  5550 | D:6      | Noticed Blork the orc
  5566 | D:6      | Killed Blork the orc
  5578 | D:6      | Identified the +0 mace of Loiskuet {pain, Dex+4}
  5971 | D:7      | Found Buutyami's Distillery.
  5975 | D:7      | Bought a potion of lignification for 48 gold pieces
  6015 | D:7      | Slain by an iguana

Illustrated notes

Levels and vault maps discovered:
D:1:      amcnicky_arrival_gap_in_the_tavern_cellar, layout_basic,
          dreamdust_ecumenical_altar_statues
D:2:      layout_basic
D:3:      cheibrodos_pilgrimage, layout_rooms, nicolae_tso_besieged_by_evil,
          serial_park_tiny_pond, uniq_ijyb
D:4:      layout_loops_corners, uniq_natasha, uniq_menkaure
D:5:      layout_loops_ring, hellmonk_guarded_unrand_hermit
D:6:      layout_basic, serial_shops, shop, uniq_blork_the_orc,
          uniq_prince_ribbit1, uniq_pikel
D:7:      layout_gridville, marbit_many_paths, minmay_temple_entry_hall,
          serial_shops, shop_fountains, nicolae_square_shop,
          kennysheep_mini_moat, minivault_14, kennysheep_minor_cross,
          minmay_misc_feat_cross

Skill      XL: |  1  2  3  4  5  6  7  8  9 |
---------------+----------------------------+-----
Long Blades    | 3 |  3.1
Throwing       | 2 |  2.0
Stealth        | 1 2 3 |  3.0
Armour         | 1 |  1.0
Evocations     | 1 |  1.0
Spellcasting   | 1 2 3 |  3.0
Short Blades   | 1 2 3 4 6 9 |  9.5
Air Magic      | 1 2 |  2.5
Conjurations   | 2 3 |  3.0
Poison Magic   | 2 |  2.0
Fighting       | |  2.0
Dodging        | |  2.6

Action                   |  1- 3 |  4- 6 |  7- 9 || total
-------------------------+-------+-------+-------++-------
Melee: Long sword        |    71 |       |       ||    71
       Dagger            |    25 |   137 |       ||   162
       Short sword       |    20 |    29 |   266 ||   315
       Headbutt          |     6 |    33 |    67 ||   106
       Punch             |       |       |     3 ||     3
Throw: Stone             |       |    10 |    19 ||    29
       Javelin           |       |       |     1 ||     1
       Throwing net      |       |       |     1 ||     1
Evoke: Wand              |       |       |     1 ||     1
  Use: Scroll            |     7 |     4 |     1 ||    12
       Potion            |       |     4 |     5 ||     9
 Stab: Sleeping          |     1 |     3 |     5 ||     9
       Invisible         |       |     4 |       ||     4
       Held in net/web   |       |       |     2 ||     2
Armor: Leather armour    |     7 |       |       ||     7
       Ring mail         |    33 |    29 |    23 ||    85
       Robe              |       |       |     5 ||     5
Dodge: Dodged            |    83 |    91 |   106 ||   280

Table legend: (Time is in decaauts)
 A = Elapsed time spent in this place.
 B = Non-inter-level travel time spent in this place.
 C = Inter-level travel time spent in this place.
 D = Time resting spent in this place.
 E = Time spent auto-exploring this place.
 F = Levels seen in this place.
 G = Mean time per level.
                   A        B        C        D        E       F      G
               +--------+--------+--------+--------+--------+-----+--------+
         Total |   5838 |   5027 |    811 |    641 |   2969 |   7 |  834.0 |
       Dungeon |   5838 |   5027 |    811 |    641 |   2969 |   7 |  834.0 |
               +--------+--------+--------+--------+--------+-----+--------+

Top non-repeatable levels by time:
     D:4: 1358 daAuts
     D:6: 1322 daAuts
     D:1: 930 daAuts
     D:3: 777 daAuts
     D:5: 753 daAuts
     D:2: 567 daAuts
     D:7: 128 daAuts
